 Dungeon Crawl Stone Soup version 0.29.1-15-g9cfb28693d (webtiles) character file.

Game seed: 11845882530276917435

24 H0rd4k the Charlatan (level 3, 0/24 HPs)
             Began as an Octopode Artificer on Mar 10, 2023.
             Slain by an endoplasm (2 damage)
             ... on level 2 of the Dungeon.
             The game lasted 00:00:43 (1548 turns).

H0rd4k the Charlatan (Octopode Artificer)           Turns: 1548, Time: 00:00:44

Health: 0/24       AC:  1    Str: 11    XL:     3   Next: 2%
Magic:  4/4        EV: 13    Int: 15    God:
Gold:   101        SH:  0    Dex: 12    Spells: 4/4 levels left

rFire   . . .      SeeInvis .   (no weapon)
rCold   . . .      Faith    .   (no shield)
rNeg    . . .      Spirit   .   (helmet restricted)
rPois   .          Reflect  .   (no amulet)
rElec   .          Harm     .   (no ring)
rCorr   .          Rampage  .   (no ring)
Will    .....                   (no ring)
Stlth   +++.......              (no ring)
HPRegen 0.08/turn               (no ring)
MPRegen 0.09/turn               (no ring)
                                (no ring)
                                (no ring)

@: no status effects
A: almost no armour, amphibious, 8 rings, camouflage 1, gelatinous body 1,
(nimble swimmer 1), tentacles
a: no special abilities


You were on level 2 of the Dungeon.
You visited 1 branch of the dungeon, and saw 2 of its levels.

You collected 101 gold pieces.

Inventory:

Wands
 b - a wand of flame (15) (quivered)
 c - a wand of charming (13)
 d - a wand of iceblast (5)
Scrolls
 a - a scroll of enchant weapon {unknown}
 f - a scroll of poison {unknown}
Potions
 e - a potion of degeneration {unknown}
 g - a potion of curing {unknown}


   Skills:
 * Level 1.9 Fighting
 - Level 2.3 Dodging
 - Level 1.3 Stealth
 + Level 0.9 Unarmed Combat
 * Level 1.2 Spellcasting
 - Level 3.2 Evocations


You had 4 spell levels left.
You didn't know any spells.
Your spell library contained the following spells:

 Spells                   Type           Power      Damage    Failure   Level
 Beastly Appendage        Tmut           0%         N/A       24%         1
 Wereblood                Tmut           0%         N/A       36%         2
 Ozocubu's Armour         Ice            0%         N/A       58%         3
 Spider Form              Tmut/Pois      0%         N/A       58%         3
 Ozocubu's Refrigeration  Ice            0%         4d7       100%        7


Dungeon Overview and Level Annotations

Branches:
Dungeon (2/15)

Altars:

Annotations:
D:2 Natasha


Innate Abilities, Weirdness & Mutations

You cannot wear most types of armour.
You are amphibious.
You can wear up to eight rings at the same time.
Your skin changes colour to match your surroundings (Stealth+).
Your rubbery body absorbs attacks. (AC +1, EV +1)
((You are camouflaged when in or above water. (Stealth+)))
You have tentacles for arms and can constrict up to eight enemies at once.


Message History

Your grab misses Natasha.
Natasha stares at you and mumbles some strange words.
The magic dart hits you!
You closely miss Natasha. Your grab misses Natasha.
Natasha mumbles some strange words.
Natasha shimmers violently.
Natasha casts a spell at you. The magic dart hits you.
There are monsters nearby!
There are monsters nearby!
You closely miss Natasha. Your grab misses Natasha. You squeeze Natasha.
Natasha is lightly wounded.
Natasha claws you!
* * * LOW HITPOINT WARNING * * *
You closely miss Natasha. Your grab misses Natasha.
Natasha is lightly wounded.
Natasha closely misses you.
Aiming: Charm
Press: ? - help, Shift-Dir - straight line, f - Natasha
Aim: Natasha (lightly wounded, chance to affect: 57%) Natasha resists with significant effort.
Natasha claws you.
* * * LOW HITPOINT WARNING * * *
Unknown command.
Aiming: Charm
Press: ? - help, Shift-Dir - straight line, f/p - Natasha
Aim: Natasha (lightly wounded, chance to affect: 57%) Natasha is charmed.
Unknown command.
What are your orders? t - Shout!
Orders for allies: a - Attack new target. p - Attack previous target. r - Retreat! s - Stop attacking. g - Guard the area. f - Follow me.
Anything else - Cancel.
Guard this area!
The endoplasm barely misses you. The endoplasm attacks as you move away!
The endoplasm barely misses you.
Natasha casts a spell.
The endoplasm attacks as you move away! The endoplasm hits you.
You die...

## #..# ##.## #.#
.####..# ##...## #.#
.......###.....#######.#
#####.##...............#
#.##.#.....#########
#.##.##...##
#####.##.#.....##########
.........#.....##$.......
##########......@Jh......
#.....##........
........##.5......
..................
#####.####........ #.
#........ .. #....J...
.#. #........


You could see 2 endoplasms, the friendly Natasha (charmed) and a friendly white
imp (summoned).

Vanquished Creatures
  A dart slug (D:1)
  4 ball pythons
  A bat (D:1)
  2 endoplasms (D:1)
  A giant cockroach (D:1)
  A goblin (D:1)
  A hobgoblin (D:1)
  2 kobolds
  A quokka (D:1)
  2 frilled lizards
  4 rats (D:1)
20 creatures vanquished.

Notes
Turn   | Place    | Note
-------+----------+-------------------------------------------
     0 | D:1      | H0rd4k the Octopode Artificer began the quest for the Orb.
     0 | D:1      | Reached XP level 1. HP: 13/13 MP: 1/1
   296 | D:1      | Reached XP level 2. HP: 18/18 MP: 1/3
   438 | D:1      | Reached skill level 1 in Spellcasting
  1313 | D:2      | Reached XP level 3. HP: 8/24 MP: 4/4
  1536 | D:2      | Noticed Natasha
  1548 | D:2      | Slain by an endoplasm

Illustrated notes

Levels and vault maps discovered:
D:1:      mrwooster_arrival_arrow, layout_basic
D:2:      layout_loops_ring, dilly_ecumenical_altar_fadedgnrine,
          minmay_crystal_room, grunt_decor_one_mirror, uniq_natasha

Skill      XL: |  1  2 |
---------------+-------+-----
Spellcasting   | 1 |  1.2
Fighting       | |  1.9
Dodging        | |  2.3
Stealth        | |  1.3
Unarmed Combat | |  0.9
Evocations     | |  3.2

Action                   || total
-------------------------++-------
Melee: Unarmed           ||    60
       Constrict         ||    13
       Tentacles         ||    12
       Punch             ||     1
Evoke: Wand              ||     2
 Stab: Sleeping          ||     7
Armor: Skin              ||     5
Dodge: Dodged            ||    34
